| TOP OF THE 1ST |
|
Salem-Keizer Volcanoes batting - Pitching for West Virginia Black Bears : RHP Jerry Spitler
|
|
Pitching: RHP Jerry Spitler
|
|
|
Batting: RHB Ryan Roberts
|
0-0: Called Strike 0-1: Ball 1-1: Called Strike 1-2: Ball 2-2: SINGLE (Flyball, 5D, EV 88.1 MPH)
|
|
Batting: RHB Vinny Torres
|
0-0: Ball Ryan Roberts steals 2nd base 1-0: Called Strike 1-1: Ball 2-1: Foul Ball, location: 2F 2-2: Foul Ball, location: 2F 2-2: Ball 3-2: Strikes out swinging
|
|
Batting: LHB Adam Oldfield
|
0-0: Called Strike 0-1: Called Strike Ryan Roberts is caught stealing 3rd base 2-5 0-2: Foul Ball, location: 2F 0-2: Fly out, F9 (Flyball, 9LM, EV 102.5 MPH)
|
| Top of the 1st over - 0 runs, 1 hit, 0 errors, 0 left on base; Salem-Keizer 0 - West Virginia 0 |
| BOTTOM OF THE 1ST |
|
West Virginia Black Bears batting - Pitching for Salem-Keizer Volcanoes : RHP James Jenkins
|
|
Pitching: RHP James Jenkins
|
|
|
Batting: RHB Melvin Durland
|
0-0: Called Strike 0-1: Called Strike 0-2: Foul Ball, location: 2F 0-2: Ball 1-2: Ball 2-2: Ground out U3 (Groundball, 34, EV 103.8 MPH)
|
|
Batting: LHB Norm Silveira-Wray
|
0-0: Called Strike 0-1: Foul Ball, location: 2F 0-2: Ball 1-2: Foul Ball, location: 2F 1-2: Fly out, F8 (Flyball, 8RM, EV 87.5 MPH)
|
|
Batting: RHB Jaime Dubicki
|
0-0: Ball 1-0: Foul Ball, location: 2F 1-1: Ball 2-1: Foul Ball, location: 2F 2-2: Ball 3-2: Base on Balls
|
|
Batting: RHB Brandon White
|
0-0: Foul Ball, location: 2F 0-1: SINGLE (Line Drive, 78M, EV 107.5 MPH) Jaime Dubicki to second
|
|
Batting: LHB Donald Imre
|
0-0: Ball 1-0: Ball 2-0: Ball 3-0: Hit by Pitch Jaime Dubicki to third Brandon White to second
|
|
Batting: RHB Tim Moore
|
0-0: Ball 1-0: SINGLE (Line Drive, 9S, EV 93.1 MPH) Jaime Dubicki scores Brandon White to third Donald Imre to second Runner from 3rd tries for Home, SAFE, throw by RF to home
|
|
Batting: RHB Perry Dominey
|
0-0: Called Strike 0-1: Called Strike 0-2: Fly out, F8 (Line Drive, 8RD, EV 95.6 MPH)
|
| Bottom of the 1st over - 2 runs, 2 hits, 0 errors, 2 left on base; Salem-Keizer 0 - West Virginia 2 |
| TOP OF THE 2ND |
|
Salem-Keizer Volcanoes batting - Pitching for West Virginia Black Bears : RHP Jerry Spitler
|
|
Batting: LHB Alex Larangho
|
0-0: Called Strike 0-1: Swinging Strike 0-2: Strikes out swinging
|
|
Batting: RHB Aaron Elliott
|
0-0: Ball 1-0: Ball 2-0: Ball 3-0: Called Strike 3-1: Called Strike 3-2: Base on Balls
|
|
Batting: RHB Mario Gomez
|
0-0: Ball Aaron Elliott steals 2nd base 1-0: Called Strike 1-1: Swinging Strike 1-2: Foul Ball, location: 2F 1-2: Foul Ball, location: 2F 1-2: Ground out U3 (Groundball, 34S, EV 86.9 MPH) Aaron Elliott to third
|
|
Batting: RHB Noe Oliva
|
0-0: Ball Passed Ball! Aaron Elliott scores 1-0: Ball 2-0: Swinging Strike 2-1: Foul Ball, location: 2F 2-2: Foul Ball, location: 2F 2-2: Ground out 6-3 (Groundball, 56, EV 84.4 MPH)
|
| Top of the 2nd over - 1 run, 0 hits, 0 errors, 0 left on base; Salem-Keizer 1 - West Virginia 2 |
| BOTTOM OF THE 2ND |
|
West Virginia Black Bears batting - Pitching for Salem-Keizer Volcanoes : RHP James Jenkins
|
|
Batting: RHB John DeVillier
|
0-0: Ball 1-0: Called Strike 1-1: Ball 2-1: Called Strike 2-2: Ball 3-2: Strikes out swinging
|
|
Batting: RHB Bob Raine
|
0-0: Ball 1-0: Foul Ball, location: 2F 1-1: Swinging Strike 1-2: Ball 2-2: Ball 3-2: Base on Balls
|
|
Batting: RHB Melvin Durland
|
0-0: Called Strike 0-1: Swinging Strike 0-2: Ball 1-2: SINGLE (Flyball, 6D, EV 90.6 MPH) Bob Raine to second
|
|
Batting: LHB Norm Silveira-Wray
|
0-0: Ball 1-0: Fly out, F6 (Popup, 6, EV 75.0 MPH)
|
|
Batting: RHB Jaime Dubicki
|
0-0: Called Strike 0-1: Ball Wild Pitch! Bob Raine to third Melvin Durland to second 1-1: Ball Passed Ball! Bob Raine scores Melvin Durland to third 2-1: Called Strike 2-2: Foul Ball, location: 2F 2-2: Ball 3-2: Foul Ball, location: 2F 3-2: Base on Balls
|
|
Batting: RHB Brandon White
|
0-0: Ball 1-0: Ball 2-0: Called Strike 2-1: Foul Ball, location: 2F 2-2: Ball 3-2: Base on Balls Jaime Dubicki to second
|
|
Batting: LHB Donald Imre
|
0-0: Called Strike 0-1: Ball Wild Pitch! Melvin Durland scores Jaime Dubicki to third Brandon White to second 1-1: Ball 2-1: SINGLE (Groundball, 6MS, EV 65.6 MPH) (infield hit) Jaime Dubicki scores Brandon White to third
|
|
Pitching: LHP Jeff Briggs
|
|
|
Batting: RHB Tim Moore
|
0-0: SINGLE (Line Drive, 7S, EV 106.9 MPH) Brandon White scores Donald Imre to second Runner from 2nd tries for 3rd, OUT! 7-5
|
| Bottom of the 2nd over - 4 runs, 3 hits, 0 errors, 1 left on base; Salem-Keizer 1 - West Virginia 6 |
| TOP OF THE 3RD |
|
Salem-Keizer Volcanoes batting - Pitching for West Virginia Black Bears : RHP Jerry Spitler
|
|
Batting: RHB Jonathan Hemsley
|
0-0: TRIPLE (Flyball, 78XD, EV 100.0 MPH)
|
|
Batting: SHB Cedric Sweep
|
0-0: Ball 1-0: Called Strike 1-1: Foul Ball, location: 2F 1-2: Ground out 6-3 (Groundball, 6S, EV 86.9 MPH) Jonathan Hemsley scores
|
|
Batting: RHB Ryan Roberts
|
0-0: Ball 1-0: Called Strike 1-1: Ball 2-1: Ball 3-1: Foul Ball, location: 2F 3-2: Foul Ball, location: 2F 3-2: Foul Ball, location: 2F 3-2: Fly out, F8 (Line Drive, 8LD, EV 91.9 MPH)
|
|
Batting: RHB Vinny Torres
|
0-0: Called Strike 0-1: Ball 1-1: Ball 2-1: Foul Ball, location: 2F 2-2: Ball 3-2: Base on Balls
|
|
Batting: LHB Adam Oldfield
|
0-0: Ball 1-0: Ball 2-0: Called Strike 2-1: Called Strike 2-2: Ball 3-2: Ground out 1-3 (Groundball, 13S, EV 66.9 MPH)
|
| Top of the 3rd over - 1 run, 1 hit, 0 errors, 1 left on base; Salem-Keizer 2 - West Virginia 6 |
| BOTTOM OF THE 3RD |
|
West Virginia Black Bears batting - Pitching for Salem-Keizer Volcanoes : LHP Jeff Briggs
|
|
Batting: RHB Perry Dominey
|
0-0: Ball 1-0: Fly out, F9 (Flyball, 9S, EV 88.8 MPH)
|
|
Batting: RHB John DeVillier
|
0-0: Called Strike 0-1: Swinging Strike 0-2: Foul Ball, location: 2F 0-2: Ball 1-2: Strikes out looking
|
|
Batting: RHB Bob Raine
|
0-0: Called Strike 0-1: Ground out 5-3 (Groundball, 56, EV 78.1 MPH)
|
| Bottom of the 3rd over - 0 runs, 0 hits, 0 errors, 0 left on base; Salem-Keizer 2 - West Virginia 6 |
| TOP OF THE 4TH |
|
Salem-Keizer Volcanoes batting - Pitching for West Virginia Black Bears : RHP Jerry Spitler
|
|
Batting: LHB Alex Larangho
|
0-0: Called Strike 0-1: Swinging Strike 0-2: Fly out, F4 (Popup, 4, EV 65.6 MPH)
|
|
Batting: RHB Aaron Elliott
|
0-0: Ball 1-0: Fly out, F8 (Flyball, 8RM, EV 90.0 MPH)
|
|
Batting: RHB Mario Gomez
|
0-0: Fly out, F8 (Flyball, 89S, EV 88.8 MPH)
|
| Top of the 4th over - 0 runs, 0 hits, 0 errors, 0 left on base; Salem-Keizer 2 - West Virginia 6 |
| BOTTOM OF THE 4TH |
|
West Virginia Black Bears batting - Pitching for Salem-Keizer Volcanoes : LHP Jeff Briggs
|
|
Batting: RHB Melvin Durland
|
0-0: Called Strike 0-1: Called Strike 0-2: Ball 1-2: Ball 2-2: SINGLE (Groundball, 15S, EV 66.9 MPH) (infield hit)
|
|
Batting: LHB Norm Silveira-Wray
|
0-0: Ball Melvin Durland steals 2nd base 1-0: Ball 2-0: Ball Melvin Durland steals 3rd base (no throw) 3-0: Called Strike 3-1: Called Strike 3-2: Strikes out swinging
|
|
Batting: RHB Jaime Dubicki
|
0-0: DOUBLE (Line Drive, 7LM, EV 110.6 MPH) Melvin Durland scores
|
|
Batting: RHB Brandon White
|
0-0: Ball 1-0: Ball 2-0: SINGLE (Groundball, 4D, EV 98.1 MPH) Jaime Dubicki to third
|
|
Batting: LHB Donald Imre
|
0-0: Called Strike 0-1: Ball 1-1: Ball Wild Pitch! Jaime Dubicki scores Brandon White to second 2-1: Ball 3-1: Fly out, F2 (Popup, 23F, EV 81.9 MPH)
|
|
Batting: RHB Tim Moore
|
0-0: Foul Ball, location: 2F 0-1: Ground out 6-3 (Groundball, 6, EV 88.1 MPH)
|
| Bottom of the 4th over - 2 runs, 3 hits, 0 errors, 1 left on base; Salem-Keizer 2 - West Virginia 8 |
| TOP OF THE 5TH |
|
Salem-Keizer Volcanoes batting - Pitching for West Virginia Black Bears : RHP Jerry Spitler
|
|
Batting: RHB Noe Oliva
|
0-0: Ground out 6-3 (Groundball, 6, EV 85.6 MPH)
|
|
Batting: RHB Jonathan Hemsley
|
0-0: Called Strike 0-1: Foul Ball, location: 2F 0-2: Ball 1-2: Strikes out swinging
|
|
Batting: SHB Cedric Sweep
|
0-0: Called Strike 0-1: Called Strike 0-2: Ball 1-2: Foul Ball, location: 2F 1-2: Strikes out swinging
|
| Top of the 5th over - 0 runs, 0 hits, 0 errors, 0 left on base; Salem-Keizer 2 - West Virginia 8 |
| BOTTOM OF THE 5TH |
|
West Virginia Black Bears batting - Pitching for Salem-Keizer Volcanoes : LHP Jeff Briggs
|
|
Batting: RHB Perry Dominey
|
0-0: Ground out 5-3 (Groundball, 5, EV 86.9 MPH)
|
|
Batting: RHB John DeVillier
|
0-0: Foul Ball, location: 2F 0-1: Ball 1-1: SINGLE (Groundball, 6MS, EV 66.9 MPH) (infield hit)
|
|
Batting: RHB Bob Raine
|
0-0: Ball 1-0: Called Strike John DeVillier steals 2nd base 1-1: Foul Ball, location: 2F 1-2: Ball 2-2: SINGLE (Line Drive, 8LS, EV 107.5 MPH) John DeVillier to third
|
|
Pitching: RHP Chance Robinson
|
|
|
Batting: RHB Melvin Durland
|
0-0: Ball 1-0: Called Strike 1-1: Called Strike 1-2: Ball 2-2: Strikes out swinging
|
|
Batting: LHB Norm Silveira-Wray
|
0-0: Ball 1-0: SINGLE (Groundball, 6M, EV 103.1 MPH) (infield hit) John DeVillier scores Bob Raine to second
|
|
Batting: RHB Jaime Dubicki
|
0-0: Called Strike 0-1: Ball 1-1: Foul Ball, location: 2F 1-2: Strikes out looking
|
| Bottom of the 5th over - 1 run, 3 hits, 0 errors, 2 left on base; Salem-Keizer 2 - West Virginia 9 |
| TOP OF THE 6TH |
|
Salem-Keizer Volcanoes batting - Pitching for West Virginia Black Bears : RHP Jerry Spitler
|
|
Pitching: LHP Juan Villegas
|
|
|
Batting: RHB Ryan Roberts
|
0-0: Ball 1-0: Called Strike 1-1: Swinging Strike 1-2: Ball 2-2: Foul Ball, location: 2F 2-2: Foul Ball, location: 2F 2-2: Foul Ball, location: 2F 2-2: Ball 3-2: Strikes out swinging
|
|
Batting: RHB Vinny Torres
|
0-0: DOUBLE (Line Drive, 7LS, EV 101.2 MPH)
|
|
Batting: LHB Adam Oldfield
|
0-0: Called Strike 0-1: SINGLE (Line Drive, 89S, EV 90.6 MPH) Vinny Torres to third
|
|
Batting: LHB Alex Larangho
|
0-0: Ball 1-0: Called Strike 1-1: Called Strike Adam Oldfield steals 2nd base 1-2: Strikes out swinging
|
|
Batting: RHB Aaron Elliott
|
0-0: Ground out 6-3 (Groundball, 6, EV 91.2 MPH)
|
| Top of the 6th over - 0 runs, 2 hits, 0 errors, 2 left on base; Salem-Keizer 2 - West Virginia 9 |
| BOTTOM OF THE 6TH |
|
West Virginia Black Bears batting - Pitching for Salem-Keizer Volcanoes : RHP Chance Robinson
|
|
Batting: RHB Brandon White
|
0-0: Ground out 5-3 (Groundball, 56S, EV 68.1 MPH)
|
|
Batting: LHB Donald Imre
|
0-0: SINGLE (Line Drive, 56, EV 104.4 MPH)
|
|
Batting: RHB Tim Moore
|
0-0: Called Strike 0-1: Foul Ball, location: 2F 0-2: Fly out, F9 (Flyball, 89M, EV 80.0 MPH)
|
|
Batting: RHB Perry Dominey
|
0-0: Ball 1-0: Foul Ball, location: 2F 1-1: Ball 2-1: Called Strike Donald Imre steals 2nd base 2-2: Foul Ball, location: 2F 2-2: Foul Ball, location: 2F 2-2: Ball 3-2: Base on Balls
|
|
Batting: RHB John DeVillier
|
0-0: SINGLE (Line Drive, 8LS, EV 90.0 MPH) Donald Imre to third Perry Dominey to second Runner from 3rd tries for Home, throw by CF and OUT! 8-2
|
| Bottom of the 6th over - 0 runs, 2 hits, 0 errors, 2 left on base; Salem-Keizer 2 - West Virginia 9 |
| TOP OF THE 7TH |
|
Salem-Keizer Volcanoes batting - Pitching for West Virginia Black Bears : LHP Juan Villegas
|
|
Batting: RHB Mario Gomez
|
0-0: Ball 1-0: Ball 2-0: Foul Ball, location: 2F 2-1: Ball 3-1: SINGLE (Groundball, 34D, EV 96.2 MPH)
|
|
Batting: RHB Noe Oliva
|
0-0: Foul Ball, location: 2F 0-1: Foul Ball, location: 2F 0-2: Strikes out swinging
|
|
Batting: RHB Jonathan Hemsley
|
0-0: Called Strike Mario Gomez steals 2nd base (no throw) 0-1: Foul Ball, location: 2F 0-2: Ball 1-2: Strikes out looking
|
|
Batting: SHB Cedric Sweep
|
0-0: Called Strike 0-1: Ball 1-1: Ball 2-1: Called Strike 2-2: Strikes out looking
|
| Top of the 7th over - 0 runs, 1 hit, 0 errors, 1 left on base; Salem-Keizer 2 - West Virginia 9 |
| BOTTOM OF THE 7TH |
|
West Virginia Black Bears batting - Pitching for Salem-Keizer Volcanoes : RHP Chance Robinson
|
|
Batting: RHB Bob Raine
|
0-0: Swinging Strike 0-1: Ball 1-1: Ground out 6-3 (Groundball, 56, EV 88.1 MPH)
|
|
Pitching: LHP Christian Rogers
|
|
|
Batting: RHB Melvin Durland
|
0-0: Called Strike 0-1: Called Strike 0-2: SINGLE (Line Drive, 9S, EV 103.8 MPH)
|
|
Pinch Hitting: LHB Aito Harada
|
0-0: Called Strike 0-1: Called Strike Melvin Durland steals 2nd base 0-2: Ball 1-2: Ball 2-2: Fly out, F4 (Popup, 34S, EV 72.5 MPH)
|
|
Batting: RHB Jaime Dubicki
|
0-0: Called Strike 0-1: Swinging Strike 0-2: Ball 1-2: SINGLE (Groundball, 6D, EV 106.9 MPH) Melvin Durland to third Runner from 3rd tries for Home, SAFE, throw by LF to home Jaime Dubicki to second
|
|
Batting: RHB Brandon White
|
0-0: Ball 1-0: Swinging Strike 1-1: Ball 2-1: SINGLE (Groundball, 6D, EV 105.0 MPH) Jaime Dubicki to third
|
|
Pinch Hitting: RHB Chris Beckham
|
0-0: Called Strike 0-1: Called Strike 0-2: Ball 1-2: Ball 2-2: Strikes out swinging
|
| Bottom of the 7th over - 1 run, 3 hits, 0 errors, 2 left on base; Salem-Keizer 2 - West Virginia 10 |
| TOP OF THE 8TH |
|
Salem-Keizer Volcanoes batting - Pitching for West Virginia Black Bears : LHP Juan Villegas
|
|
Now at 1B: Aito Harada
|
|
|
Now at 2B: Chris Beckham
|
|
|
Pinch Hitting: LHB Antonio Gutierrez
|
0-0: Ball 1-0: Ball 2-0: Foul Ball, location: 2F 2-1: Ground out 2-3 (Groundball, 13S, EV 68.1 MPH)
|
|
Batting: RHB Vinny Torres
|
0-0: Ball 1-0: Ground out 6-3 (Groundball, 6, EV 83.1 MPH)
|
|
Pinch Hitting: RHB Jose Sanchez
|
0-0: Swinging Strike 0-1: Swinging Strike 0-2: Strikes out looking
|
| Top of the 8th over - 0 runs, 0 hits, 0 errors, 0 left on base; Salem-Keizer 2 - West Virginia 10 |
| BOTTOM OF THE 8TH |
|
West Virginia Black Bears batting - Pitching for Salem-Keizer Volcanoes : LHP Christian Rogers
|
|
Now at 1B: Jose Sanchez
|
|
|
Now in RF: Antonio Gutierrez
|
|
|
Batting: RHB Tim Moore
|
0-0: Ball 1-0: Ball 2-0: Called Strike 2-1: Ball 3-1: Ground out 3-1 (Groundball, 34S, EV 88.1 MPH)
|
|
Batting: RHB Perry Dominey
|
0-0: Ball 1-0: Ball 2-0: Foul Ball, location: 2F 2-1: Swinging Strike 2-2: Ball 3-2: Foul Ball, location: 2F 3-2: Base on Balls
|
|
Batting: RHB John DeVillier
|
0-0: Ball 1-0: Called Strike Perry Dominey is caught stealing 2nd base 2-4 1-1: Swinging Strike 1-2: Strikes out swinging
|
| Bottom of the 8th over - 0 runs, 0 hits, 0 errors, 0 left on base; Salem-Keizer 2 - West Virginia 10 |
| TOP OF THE 9TH |
|
Salem-Keizer Volcanoes batting - Pitching for West Virginia Black Bears : LHP Juan Villegas
|
|
Batting: LHB Alex Larangho
|
0-0: Ball 1-0: Called Strike 1-1: Called Strike 1-2: Foul Ball, location: 2F 1-2: Foul Ball, location: 2F 1-2: Ball 2-2: Strikes out swinging
|
|
Pitching: RHP Joel Olausson
|
|
|
Pinch Hitting: RHB Ricky Pizarro
|
0-0: Ball 1-0: Foul Ball, location: 2F 1-1: Called Strike 1-2: Ball 2-2: Strikes out swinging
|
|
Batting: RHB Mario Gomez
|
0-0: Called Strike 0-1: Ball 1-1: Ball 2-1: Foul Ball, location: 2F 2-2: Ball 3-2: Fly out, F7 (Flyball, 78D, EV 99.4 MPH)
|
| Top of the 9th over - 0 runs, 0 hits, 0 errors, 0 left on base; Salem-Keizer 2 - West Virginia 10 |
|